APL (24 & UNDER)
DETROIT DIRTY SNOW @ BEAVERTON BRONZE SOULS
08/14/2028
 
TOP OF THE 1ST
Detroit Dirty Snow batting - Pitching for Beaverton Bronze Souls : RHP Roberto Deleón
Pitching: RHP Roberto Deleón
Batting: SHB Cristián López 0-0: Called Strike
0-1: Ball
1-1: Called Strike
1-2: Fly out, F9 (Flyball, 9LM)
Batting: RHB Cristo Souza 0-0: Ball
1-0: Swinging Strike
1-1: Swinging Strike
1-2: Ball
2-2: Strikes out swinging
Batting: LHB Félix Costa 0-0: Ball
1-0: Ball
2-0: Called Strike
2-1: Foul Ball, location: 2F
2-2: Foul Ball, location: 2F
2-2: Foul Ball, location: 2F
2-2: Ground out 4-3 (Groundball, 34)
Top of the 1st over - 0 run(s), 0 hit(s), 0 error(s), 0 left on base; Detroit 0 - Beaverton 0
BOTTOM OF THE 1ST
Beaverton Bronze Souls batting - Pitching for Detroit Dirty Snow : RHP Gustavo Cháves
Pitching: RHP Gustavo Cháves
Batting: RHB Rubén Ramírez 0-0: Ball
1-0: Called Strike
1-1: Foul Ball, location: 2F
1-2: Ball
2-2: Ground out 6-3 (Groundball, 6)
Batting: RHB Pedro Rivera 0-0: Swinging Strike
0-1: Ball
1-1: Foul Ball, location: 2F
1-2: Strikes out looking
Batting: RHB José Dávila 0-0: Called Strike
0-1: Ground out 6-3 (Groundball, 6)
Bottom of the 1st over - 0 run(s), 0 hit(s), 0 error(s), 0 left on base; Detroit 0 - Beaverton 0
TOP OF THE 2ND
Detroit Dirty Snow batting - Pitching for Beaverton Bronze Souls : RHP Roberto Deleón
Batting: RHB Carlos Rocha 0-0: Called Strike
0-1: Ball
1-1: Called Strike
1-2: Strikes out swinging
Batting: RHB Gary Wyatt 0-0: Ground out 6-3 (Groundball, 6)
Batting: RHB Charlie O'Farrell 0-0: Called Strike
0-1: Swinging Strike
0-2: Ball
1-2: Foul Ball, location: 2F
1-2: Foul Ball, location: 2F
1-2: Foul Ball, location: 2F
1-2: Ball
2-2: Ball
3-2: Foul Ball, location: 2F
3-2: Foul Ball, location: 2F
3-2: Base on Balls
Batting: SHB Víctor Torres 0-0: Ball
1-0: Foul Ball, location: 2F
1-1: Ball
2-1: Called Strike
2-2: Foul Ball, location: 2F
2-2: Ground out U3 (Groundball, 3)
Top of the 2nd over - 0 run(s), 0 hit(s), 0 error(s), 1 left on base; Detroit 0 - Beaverton 0
BOTTOM OF THE 2ND
Beaverton Bronze Souls batting - Pitching for Detroit Dirty Snow : RHP Gustavo Cháves
Batting: RHB Vincente López 0-0: Called Strike
0-1: Ball
1-1: Ball
2-1: Foul Ball, location: 2F
2-2: Ball
3-2: Ground out 4-3 (Groundball, 4M)
Batting: RHB Carlos Carrillo 0-0: Foul Ball, location: 2F
0-1: Ball
1-1: Foul Ball, location: 2F
1-2: Foul Ball, location: 2F
1-2: Foul Ball, location: 2F
1-2: Strikes out swinging, 2-3 out at first.
Batting: LHB Arlen Powers 0-0: Fly out, F9 (Flyball, 9)
Bottom of the 2nd over - 0 run(s), 0 hit(s), 0 error(s), 0 left on base; Detroit 0 - Beaverton 0
TOP OF THE 3RD
Detroit Dirty Snow batting - Pitching for Beaverton Bronze Souls : RHP Roberto Deleón
Batting: SHB Alan Garland 0-0: Swinging Strike
0-1: Foul Ball, location: 2F
0-2: Ball
1-2: Strikes out swinging
Batting: LHB Luis Salazar 0-0: Ball
1-0: Ball
2-0: Ball
3-0: Called Strike
3-1: Called Strike
3-2: Foul Ball, location: 2F
3-2: Foul Ball, location: 2F
3-2: SINGLE (Flyball, 8LS)
Batting: SHB Cristián López 0-0: Called Strike
0-1: Ball
1-1: Ball
2-1: Ball
3-1: Foul Ball, location: 2F
3-2: Base on Balls
Luis Salazar to second
Batting: RHB Cristo Souza 0-0: Ball
1-0: Grounds into double play, 4-6-3 (Groundball, 34)
Top of the 3rd over - 0 run(s), 1 hit(s), 0 error(s), 1 left on base; Detroit 0 - Beaverton 0
BOTTOM OF THE 3RD
Beaverton Bronze Souls batting - Pitching for Detroit Dirty Snow : RHP Gustavo Cháves
Batting: LHB Cade Brown 0-0: Foul Ball, location: 2F
0-1: Ball
1-1: Fly out, F9 (Flyball, 9LSF)
Batting: RHB Vernon Harris 0-0: Fly out, F6 (Popup, 6S)
Batting: RHB Ed Nygaard 0-0: Swinging Strike
0-1: Ball
1-1: Ball
2-1: Foul Ball, location: 2F
2-2: Ball
3-2: Strikes out swinging
Bottom of the 3rd over - 0 run(s), 0 hit(s), 0 error(s), 0 left on base; Detroit 0 - Beaverton 0
TOP OF THE 4TH
Detroit Dirty Snow batting - Pitching for Beaverton Bronze Souls : RHP Roberto Deleón
Batting: LHB Félix Costa 0-0: Foul Ball, location: 2F
0-1: Ball
1-1: Foul Ball, location: 2F
1-2: SINGLE (Line Drive, 56D)
Batting: RHB Carlos Rocha 0-0: Called Strike
0-1: Swinging Strike
0-2: Ball
1-2: Ball
2-2: Strikes out looking
Batting: RHB Gary Wyatt 0-0: Ball
1-0: Called Strike
1-1: Called Strike
1-2: Foul Ball, location: 2F
1-2: Ball
Pickoff Throw to First - Error! E1
Félix Costa to second
2-2: Strikes out swinging
Batting: RHB Charlie O'Farrell 0-0: Ball
1-0: Foul Ball, location: 2F
1-1: Foul Ball, location: 2F
1-2: Foul Ball, location: 2F
1-2: Foul Ball, location: 2F
1-2: Foul Ball, location: 2F
1-2: Foul Ball, location: 2F
1-2: Ball
2-2: Foul Ball, location: 2F
2-2: Strikes out looking
Top of the 4th over - 0 run(s), 1 hit(s), 1 error(s), 1 left on base; Detroit 0 - Beaverton 0
BOTTOM OF THE 4TH
Beaverton Bronze Souls batting - Pitching for Detroit Dirty Snow : RHP Gustavo Cháves
Batting: RHB Rubén Ramírez 0-0: Ball
1-0: Called Strike
1-1: Swinging Strike
1-2: Strikes out swinging
Batting: RHB Pedro Rivera 0-0: Ball
1-0: Ball
2-0: Ball
3-0: Base on Balls
Batting: RHB José Dávila 0-0: Ball
Pedro Rivera is caught stealing 2nd base
1-0: Ground out 3-1 (Groundball, 34)
Bottom of the 4th over - 0 run(s), 0 hit(s), 0 error(s), 0 left on base; Detroit 0 - Beaverton 0
TOP OF THE 5TH
Detroit Dirty Snow batting - Pitching for Beaverton Bronze Souls : RHP Roberto Deleón
Batting: SHB Víctor Torres 0-0: Called Strike
0-1: Ground out 4-3 (Groundball, 4M)
Pitching: RHP Arlen Wright
Batting: SHB Alan Garland 0-0: Fly out, F9 (Flyball, 89S)
Batting: LHB Luis Salazar 0-0: Called Strike
0-1: Fly out, F7 (Flyball, 7S)
Top of the 5th over - 0 run(s), 0 hit(s), 0 error(s), 0 left on base; Detroit 0 - Beaverton 0
BOTTOM OF THE 5TH
Beaverton Bronze Souls batting - Pitching for Detroit Dirty Snow : RHP Gustavo Cháves
Batting: RHB Vincente López 0-0: Fly out, F7 (Flyball, 78S)
Batting: RHB Carlos Carrillo 0-0: Ball
1-0: Fly out, F8 (Flyball, 78M)
Batting: LHB Arlen Powers 0-0: Foul Ball, location: 2F
0-1: Ball
1-1: Ball
2-1: Called Strike
2-2: Ground out 3-1 (Groundball, 3S)
Bottom of the 5th over - 0 run(s), 0 hit(s), 0 error(s), 0 left on base; Detroit 0 - Beaverton 0
TOP OF THE 6TH
Detroit Dirty Snow batting - Pitching for Beaverton Bronze Souls : RHP Arlen Wright
Batting: SHB Cristián López 0-0: Bunt missed!
0-1: Ball
1-1: Ball
2-1: Swinging Strike
2-2: Ground out U3 (Groundball, 34S)
Batting: RHB Cristo Souza 0-0: Ball
1-0: Fly out, F6 (Popup, 6)
Batting: LHB Félix Costa 0-0: Ball
1-0: Ball
2-0: Ball
3-0: Called Strike
3-1: Foul Ball, location: 2F
3-2: SOLO HOME RUN (Flyball, 89XD), Distance : 401 ft
Batting: RHB Carlos Rocha 0-0: Ball
1-0: Foul Ball, location: 2F
1-1: Ball
2-1: Foul Ball, location: 2F
2-2: Strikes out looking
Top of the 6th over - 1 run(s), 1 hit(s), 0 error(s), 0 left on base; Detroit 1 - Beaverton 0
BOTTOM OF THE 6TH
Beaverton Bronze Souls batting - Pitching for Detroit Dirty Snow : RHP Gustavo Cháves
Batting: LHB Cade Brown 0-0: Called Strike
0-1: Ball
1-1: SOLO HOME RUN (Line Drive, 8RD), Distance : 408 ft
Batting: RHB Vernon Harris 0-0: DOUBLE (Flyball, 89D)
Batting: RHB Ed Nygaard 0-0: Ball
1-0: Foul Ball, location: 2F
1-1: Called Strike
1-2: Strikes out looking
Batting: RHB Rubén Ramírez 0-0: Called Strike
Vernon Harris is caught stealing 3rd base
0-1: Ball
1-1: Ball
2-1: Ball
3-1: Foul Ball, location: 2F
3-2: Base on Balls
Batting: RHB Pedro Rivera 0-0: Called Strike
0-1: Ball
1-1: Swinging Strike
1-2: Ball
2-2: Strikes out swinging
Bottom of the 6th over - 1 run(s), 2 hit(s), 0 error(s), 1 left on base; Detroit 1 - Beaverton 1
TOP OF THE 7TH
Detroit Dirty Snow batting - Pitching for Beaverton Bronze Souls : RHP Arlen Wright
Batting: RHB Gary Wyatt 0-0: Ball
1-0: Ball
2-0: Swinging Strike
2-1: Called Strike
2-2: Strikes out swinging
Batting: RHB Charlie O'Farrell 0-0: Ball
1-0: Called Strike
1-1: Swinging Strike
1-2: Strikes out looking
Batting: SHB Víctor Torres 0-0: SINGLE (Groundball, 34) (infield hit)
Batting: SHB Alan Garland 0-0: Called Strike
0-1: Ball
1-1: Ground out 4-3 (Groundball, 34)
Top of the 7th over - 0 run(s), 1 hit(s), 0 error(s), 1 left on base; Detroit 1 - Beaverton 1
BOTTOM OF THE 7TH
Beaverton Bronze Souls batting - Pitching for Detroit Dirty Snow : RHP Gustavo Cháves
Batting: RHB José Dávila 0-0: Called Strike
0-1: Fly out, F3 (Popup, 3L)
Pinch Hitting: RHB Michael Fisher 0-0: Called Strike
0-1: Ball
1-1: Ball
2-1: Ground out 3-1 (Groundball, 34)
Batting: RHB Carlos Carrillo 0-0: Foul Ball, location: 2F
0-1: Called Strike
0-2: Strikes out swinging
Bottom of the 7th over - 0 run(s), 0 hit(s), 0 error(s), 0 left on base; Detroit 1 - Beaverton 1
TOP OF THE 8TH
Detroit Dirty Snow batting - Pitching for Beaverton Bronze Souls : RHP Arlen Wright
Now in LF: José Fernández
Batting: LHB Luis Salazar 0-0: SOLO HOME RUN (Flyball, 89XD), Distance : 405 ft
Pitching: RHP Arturo García
Batting: SHB Cristián López 0-0: Ground out 6-3 (Groundball, 6)
Batting: RHB Cristo Souza 0-0: Ball
1-0: Ball
2-0: Swinging Strike
2-1: Ball
3-1: Foul Ball, location: 2F
3-2: Base on Balls
Batting: LHB Félix Costa 0-0: Ball
1-0: Foul Ball, location: 2F
1-1: Fielders Choice at 2nd, 1-6 (Groundball, P)
Batting: RHB Carlos Rocha 0-0: Called Strike
0-1: Called Strike
Félix Costa steals 2nd base
0-2: Fly out, F8 (Flyball, 8RM)
Top of the 8th over - 1 run(s), 1 hit(s), 0 error(s), 1 left on base; Detroit 2 - Beaverton 1
BOTTOM OF THE 8TH
Beaverton Bronze Souls batting - Pitching for Detroit Dirty Snow : RHP Gustavo Cháves
Batting: LHB Arlen Powers 0-0: Swinging Strike
0-1: Ball
1-1: Called Strike
1-2: Fly out, F5 (Line Drive, 56S)
Batting: LHB Cade Brown 0-0: Ball
1-0: Ball
2-0: Called Strike
2-1: Called Strike
2-2: SINGLE (Groundball, 4MD)
Pitching: RHP Benjamin Hutchison
Pinch Runner at 1st Chris White:
Batting: RHB Vernon Harris 0-0: Swinging Strike
0-1: Ball
1-1: SINGLE (Line Drive, 7LS)
Chris White to second
Pinch Hitting: RHB Joe Brinkman 0-0: Ball
1-0: Foul Ball, location: 2F
1-1: Called Strike
1-2: Foul Ball, location: 2F
1-2: Grounds into double play, 6-4-3 (Groundball, 56)
Bottom of the 8th over - 0 run(s), 2 hit(s), 0 error(s), 1 left on base; Detroit 2 - Beaverton 1
TOP OF THE 9TH
Detroit Dirty Snow batting - Pitching for Beaverton Bronze Souls : RHP Arturo García
Pitching: LHP Gabriel Rodríguez
Now at 1B: Ed Fuhrman
Now at 3B: Joe Brinkman
Batting: RHB Gary Wyatt 0-0: Ball
1-0: Ball
2-0: Ball
3-0: Base on Balls
Batting: RHB Charlie O'Farrell 0-0: Foul Ball, location: 2F
0-1: Ball
Wild Pitch!
Gary Wyatt to second
1-1: Intentional Walk
Batting: SHB Víctor Torres 0-0: Fly out, F8 (Flyball, 78D)
Pinch Hitting: RHB Paul Liddle 0-0: Called Strike
0-1: Ball
1-1: Ball
2-1: Ball
3-1: Swinging Strike
3-2: Foul Ball, location: 2F
3-2: Foul Ball, location: 2F
3-2: Strikes out swinging
Gary Wyatt is caught stealing 3rd base
Batter strikes out.
Top of the 9th over - 0 run(s), 0 hit(s), 0 error(s), 1 left on base; Detroit 2 - Beaverton 1
BOTTOM OF THE 9TH
Beaverton Bronze Souls batting - Pitching for Detroit Dirty Snow : RHP Benjamin Hutchison
Pitching: RHP Mark Messier
Now at SS: Paul Liddle
Batting: RHB Rubén Ramírez 0-0: SINGLE (Line Drive, 9LS)
Batting: RHB Pedro Rivera
Pinch Hitting: RHB Cameron Irwin 0-0: Called Strike
0-1: Foul Ball, location: 2F
0-2: Foul Ball, location: 2F
0-2: Foul Ball, location: 2F
0-2: Ball
1-2: Foul Ball, location: 2F
1-2: Ball
2-2: Foul Ball, location: 2F
2-2: Ball
3-2: Strikes out swinging
Batting: RHB José Dávila 0-0: Ball
1-0: Swinging Strike
1-1: Swinging Strike
1-2: Strikes out swinging
Pinch Hitting: RHB Nathan Smith 0-0: Ground out 5-3 (Groundball, 56S)
Bottom of the 9th over - 0 run(s), 1 hit(s), 0 error(s), 1 left on base; Detroit 2 - Beaverton 1
Tuesday, August 8th, 2017 - OOTP Baseball 17.12 Build 75